 Dungeon Crawl Stone Soup version 0.25-a0-246-g58704a1ebd (webtiles) character file.

Game seed: 9848172070832940656, levelgen mode: deterministic

27 floatRand the Chopper (level 2, -4/24 HPs)
             Began as a Demonspawn Monk on Dec 3, 2019.
             Slain by a gnoll
             ... wielding a +0 flail
              (15 damage)
             ... on level 2 of the Dungeon.
             The game lasted 00:00:39 (772 turns).

floatRand the Chopper (Demonspawn Monk)              Turns: 772, Time: 00:00:40

Health: -4/24      AC:  2    Str: 11    XL:     2   Next: 93%
Magic:  2/2        EV: 13    Int: 11    God:
Gold:   48         SH:  0    Dex: 15    Spells: 1/1 levels left

rFire    . . .     SeeInvis .   a - +0 hand axe
rCold    . . .     Gourm    .   (no shield)
rNeg     . . .     Faith    .   b - +0 robe
rPois    .         Spirit   .   (helmet restricted)
rElec    .         Reflect  .   (no cloak)
rCorr    .         Harm     .   (no gloves)
MR       .....                  (no boots)
Stlth    ++........             (no amulet)
HPRegen  0.08/turn              (no ring)
MPRegen  0.08/turn              (no ring)

@: no status effects
A: horns 1
a: no special abilities


You were on level 2 of the Dungeon.
You were not hungry.

You visited 1 branch of the dungeon, and saw 2 of its levels.

You collected 48 gold pieces.

Inventory:

Hand Weapons
 a - a +0 hand axe (weapon)
Armour
 b - a +0 robe (worn)
Scrolls
 d - 2 scrolls of magic mapping {unknown}
 e - a scroll of remove curse {unknown}
 g - a scroll of blinking {unknown}
 h - 2 scrolls of identify {unknown}
 j - a scroll of enchant armour {unknown}
 k - 2 scrolls of fear {unknown}
Potions
 f - a potion of cancellation {unknown}
 i - a potion of haste {unknown}
Comestibles
 c - a ration
 l - 4 chunks of flesh


   Skills:
 - Level 3.0 Fighting
 * Level 3.4 Axes
 + Level 3.0 Dodging
 - Level 1.7 Stealth


You had one spell level left.
You didn't know any spells.
Your spell library was empty.

Dungeon Overview and Level Annotations

Branches:
Dungeon (2/15)

Altars:


Innate Abilities, Weirdness & Mutations

You have a pair of small horns on your head.


Message History

You kill the bat!
Found a ration.
You see here a bat corpse.
The helpless goblin fails to defend itself.
You hit the goblin.
The goblin is moderately wounded.
The goblin closely misses you.
You hit the goblin but do no damage.
The goblin is moderately wounded.
The goblin hits you with a cursed -1 club.
You hit the goblin.
You kill the goblin! 2 gnolls come into view.
Things that are here:
a cursed -1 club; a goblin corpse The gnoll hits you with a +0 flail!
The gnoll misses you. The gnoll hits you with a +0 flail!
Ouch! That really hurt!
You die...

#.#.#####.....#.#
# #.# #.....#.#.#
#.#.# #.#.#.#...#
#.#. #.#.#....##
... # ####.#
###.##### #.###
.....#... #...#
#.....########.#
#......@†.# #.#
...###.g##.# #.#
#..%.#..# #.#
#.#..#.#####.#
#.##.#.....#.# #
..#####.#.# #g#
#...# #.# #####
###


You could see 2 gnolls.

Vanquished Creatures
  2 dart slugs (D:1)
  A ball python (D:2)
  4 giant cockroaches (D:1)
  2 goblins
  5 hobgoblins (D:1)
  3 bats
  A kobold (D:1)
  2 rats (D:1)
20 creatures vanquished.

Notes
Turn   | Place    | Note
-------+----------+-------------------------------------------
     0 | D:1      | floatRand the Demonspawn Monk began the quest for the Orb.
     0 | D:1      | Reached XP level 1. HP: 18/18 MP: 1/1
   202 | D:1      | Gained mutation: You have a pair of small horns on your
                  | head. [demonic ancestry]
   202 | D:1      | Reached XP level 2. HP: 21/24 MP: 2/2
   772 | D:2      | Slain by a gnoll

Levels and vault maps discovered:
D:1:      giann_forest_graveyard, layout_basic, minmay_misc_feat_tower
D:2:      layout_basic, first_ration

Skill      XL: |  1  2 |
---------------+-------+-----
Axes           | 3 |  3.4
Dodging        | 3 |  3.0
Fighting       | |  3.0
Stealth        | |  1.7

Action                   || total
-------------------------++-------
Melee: Hand axe          ||    60
       Headbutt          ||     8
 Stab: Sleeping          ||     4
Armor: Robe              ||     9
Dodge: Dodged            ||    39

Table legend:
 A = Non-vault XP
 B = Vault XP
 C = Vault XP percentage of total XP
 D = Non-vault monster count
 E = Vault monster count
 F = Vault count percentage of total count
                 A         B        C        D         E       F
            +---------+---------+-------+---------+---------+-------
      Total |      39 |       0 |   0.0 |      20 |       0 |   0.0
            +---------+---------+-------+---------+---------+-------
        D:1 |      34 |       0 |   0.0 |      17 |       0 |   0.0
        D:2 |       5 |       0 |   0.0 |       3 |       0 |   0.0
            +---------+---------+-------+---------+---------+-------
